 Dungeon Crawl Stone Soup version 0.32-a0-468-g38b2580584 (webtiles) character file.

Game seed: 6899110369752821032

68 ytrimaz the Chopper (level 4, -8/35 HPs)
             Began as a Coglin Gladiator on Feb 25, 2024.
             Killed by divine providence
             ... invoked by an orc priest
              (11 damage)
             ... on level 3 of the Dungeon.
             The game lasted 00:03:37 (1714 turns).

ytrimaz the Chopper (Coglin Gladiator)              Turns: 1714, Time: 00:03:38

Health: -8/35      AC:  6    Str: 17    XL:     4   Next: 19%
Magic:  4/4        EV: 12    Int:  7    God:
Gold:   156        SH:  0    Dex: 15    Spells: 3/3 levels left

rFire   . . .        a - +0 war axe {Tertia}
rCold   . . .        i - +0 hand axe {Siegfried}
rNeg    . . .        b - +0 leather armour
rPois   .            c - +0 helmet
rElec   .            (no cloak)
rCorr   .            f - +1 pair of gloves
SInv    .            (no boots)
Will    .....        l - amulet of regeneration
Stlth   +            (ring unavailable)
HPRegen 1.05/turn    (ring unavailable)
MPRegen 0.09/turn

%: no passive effects
@: revved
A: off-hand wielding, slow wielding, warmup strikes, no rings
a: Convert to Beogh


You were on level 3 of the Dungeon.
You visited 1 branch of the dungeon, and saw 3 of its levels.

You collected 156 gold pieces.


Innate Abilities, Weirdness & Mutations

You can wield a second weapon in your off-hand.
It takes a long time for you to wield or remove held weapons.
Your first few attacks do less damage.
Your grasper-arms cannot wear rings.


   Skills:
 + Level 3.3 Fighting
 + Level 4.0 Axes
 - Level 1.7 Throwing
 - Level 2.6 Dodging


You had 3 spell levels left.
You didn't know any spells.
Your spell library contained the following spells:

 Spells                   Type           Power      Damage    Failure   Level
 Summon Small Mammal      Summ           0%         N/A       50%         1
 Blink                    Tloc           0%         N/A       65%         2
 Lesser Beckoning         Tloc           0%         N/A       65%         2
 Momentum Strike          Conj/Tloc      0%         3d8       65%         2
 Call Canine Familiar     Summ           0%         N/A       86%         3
 Summon Blazeheart Golem  Fire/Summ      0%         N/A       99%         4

Inventory:

Hand Weapons
 a - a +0 war axe (weapon) {Tertia}
 i - a +0 hand axe (offhand) {Siegfried}
   (You found it on level 2 of the Dungeon)
Missiles
 d - 3 throwing nets (quivered)
 e - a javelin
Armour
 b - a +0 leather armour (worn)
 c - a +0 helmet (worn)
 f - a +1 pair of gloves (worn)
   (You found it on level 3 of the Dungeon)
Jewellery
 l - an amulet of regeneration (around neck)
   (You found it on level 3 of the Dungeon)
Scrolls
 j - 2 scrolls of identify
 k - a scroll of teleportation
Potions
 g - a potion of curing
 h - a potion of cancellation
 m - a potion of invisibility
 n - a potion of might {unknown}

Dungeon Overview and Level Annotations

Branches:
Dungeon (3/15) Zot: 16246

Altars:

## ########.######
#...ooo....... #@# .#
#.#####.####
#########.##........
....................
#########.#..##.###.
#.#..# #
################.#..##.#
#......#...............#
#......#.###.#####..##.#


You could see an orc priest and 2 orcs.


Message History

You closely miss the goblin with your +0 war axe.
You hit the goblin with your +0 hand axe.
The goblin hits you but does no damage. The goblin misses you.
A goblin is nearby!
As you read the scroll of identify, it crumbles to dust.
m - a potion of invisibility The goblin barely misses you.
You closely miss the goblin with your +0 hand axe.
You barely miss the goblin with your +0 war axe.
The goblin closely misses you.
You barely miss the goblin with your +0 war axe.
You hit the goblin with your +0 hand axe.
The goblin closely misses you.
Unknown command.
You hit the goblin with your +0 hand axe.
You kill the goblin!
You see here a +0 club.
No target in view!
There is an open door here.
Key pressed, stopping explore.
n - a sapphire potion 3 orcs and an orc priest come into view.
The orc shouts!
The orc priest shouts!
The orc shouts! x2
There are monsters nearby!
You hit the orc priest but do no damage.
You barely miss the orc priest with your +0 war axe.
The orc priest mumbles some strange prayers to Beogh against you.
Pain shoots through your body! 😕 HP[-6]
You take 6 damage, and now have 29/35 hp.
You hit the orc priest but do no damage.
You barely miss the orc priest with your +0 war axe.
The orc hits you with a +0 mace.
The orc priest looks encouraged for a moment. 😮 HP[-4]
You take 4 damage, and now have 25/35 hp.
You barely miss the orc with your +0 war axe.
You closely miss the orc priest with your +0 war axe.
You hit the orc but do no damage.
You barely miss the orc priest with your +0 hand axe.
The orc priest calls down the wrath of Beogh upon you.
Pain shoots through your body!
* * * LOW HITPOINT WARNING * * *
The orc hits you with a +0 mace.
* * * LOW HITPOINT WARNING * * *
The orc priest shouts, "Beogh offers mercy even to people such as you.
Join us and be reborn!" (press Y on the ability menu to convert to Beogh) 😨 HP[-16]
You take 16 damage, and now have 9/35 hp.
MASSIVE DAMAGE!! (PAUSE) Unknown command.
You feel better. The orc priest barely misses you.
The orc hits you but does no damage. 😮 HP[+12]
You regained 12 hp, and now have 21/35 hp.
Okay, then.
Unknown command.
You barely miss the orc priest with your +0 war axe.
You hit the orc but do no damage.
You hit the orc priest with your +0 hand axe.
The orc priest shouts, "Surrender to Beogh and we'll let you live!"
You hit the orc with your +0 hand axe.
The orc priest hits you with a +0 dagger.
The orc hits you with a +0 mace.
* * * LOW HITPOINT WARNING * * *
😨 HP[-4]
You take 4 damage, and now have 17/35 hp.
You closely miss the orc priest with your +0 hand axe.
The orc priest threatens, "Beogh's wrath is as vast as their mercy.
Make your choice!"
You hit the orc with your +0 hand axe.
You hit the orc priest with your +0 war axe.
You slash the orc with your +0 war axe!
You kill the orc!
The orc priest barely misses you.
Unknown command. 😮 HP[+2]
You regained 2 hp, and now have 19/35 hp.
Unknown command.
You hit the orc priest with your +0 war axe.
You hit the orc with your +0 war axe.
You hit the orc priest but do no damage.
You barely miss the orc with your +0 hand axe.
The orc priest calls down the wrath of Beogh upon you.
Beogh smites you!
* * * LOW HITPOINT WARNING * * *
The orc closely misses you. 😱 HP[-11]
You take 11 damage, and now have 8/35 hp.
MASSIVE DAMAGE!! (PAUSE)
You hit the orc priest but do no damage.
The orc priest shouts, "Surrender to Beogh and we'll let you live!"
You barely miss the orc with your +0 war axe.
You hit the orc priest with your +0 hand axe.
You closely miss the orc with your +0 hand axe.
The orc closely misses you. The orc priest closely misses you.
The orc hits you with a +0 falchion.
* * * LOW HITPOINT WARNING * * *
The orc priest calls down the wrath of Beogh upon you.
Beogh smites you!
You die...

Skill      XL: |  1  2  3  4 |
---------------+-------------+-----
Fighting       | 3 |  3.3
Axes           | 4 |  4.0
Throwing       | |  1.7
Dodging        | |  2.6

Action                     |  1- 3 |  4- 6 || total
---------------------------+-------+-------++-------
  Melee: War axe           |    74 |    17 ||    91
         Hand axe          |    22 |    20 ||    42
    Use: Scroll            |     4 |     1 ||     5
         Potion            |       |     1 ||     1
   Stab: Sleeping          |     1 |       ||     1
 Armour: Leather armour    |    48 |    13 ||    61
  Dodge: Dodged            |    54 |    19 ||    73

Levels and vault maps discovered:
D:1:      saegor_arrival_simple_b, layout_loops_ring, minmay_misc_feat_cross,
          skrybe_limestone_x, minmay_hexomino_f4
D:2:      layout_basic, chequers_big_river, amcnicky_mini_corridor_feature
D:3:      layout_basic, ebering_ecumenical_altar_ruins

Notes
Turn   | Place    | Note
-------+----------+-------------------------------------------
     0 | D:1      | ytrimaz the Coglin Gladiator began the quest for the Orb.
     0 | D:1      | Reached XP level 1. HP: 16/16 MP: 1/1
     0 | D:1      | magus.rc [v1.9.6]
   101 | D:1      | Reached XP level 2. HP: 23/23 MP: 2/2
   144 | D:1      | You pick up a book of Spatial Translocations and begin
                  | reading...
   144 | D:1      | You add the spells Blink, Momentum Strike and Lesser
                  | Beckoning to your library.
   730 | D:1      | Reached XP level 3. HP: 28/28 MP: 3/3
   942 | D:2      | Reached skill level 3 in Fighting
  1345 | D:3      | Reached XP level 4. HP: 29/35 MP: 4/4
  1354 | D:3      | Reached skill level 4 in Axes
  1515 | D:3      | Found a faded altar of an unknown god.
  1636 | D:3      | You pick up a book of Callings and begin reading...
  1636 | D:3      | You add the spells Summon Small Mammal, Call Canine
                  | Familiar and Summon Blazeheart Golem to your library.
  1713 | D:3      | HP: 8/35 [orc priest/divine providence (12)]
  1714 | D:3      | HP: 3/35 [orc/+0 falchion (6)]
  1714 | D:3      | Killed from afar by an orc priest

Vanquished Creatures
  An adder (D:3)
  3 dart slugs
  A ribbon worm (D:2)
  An orc (D:3)
  3 bats
  6 endoplasms
  A giant cockroach (D:1)
  5 goblins
  7 hobgoblins
  3 jackals (D:1)
  3 quokkas
  3 ball pythons
  4 kobolds
  A rat (D:1)
42 creatures vanquished.

Table legend:
 A = Non-vault XP
 B = Vault XP
 C = Vault XP percentage of total XP
 D = Non-vault monster count
 E = Vault monster count
 F = Vault count percentage of total count
                 A         B        C        D         E       F
            +---------+---------+-------+---------+---------+-------
      Total |      91 |       7 |   7.1 |      38 |       4 |   9.5
            +---------+---------+-------+---------+---------+-------
        D:1 |      27 |       7 |  20.6 |      15 |       4 |  21.1
        D:2 |      37 |       0 |   0.0 |      16 |       0 |   0.0
        D:3 |      27 |       0 |   0.0 |       7 |       0 |   0.0
            +---------+---------+-------+---------+---------+-------

Skill      XL: |  1  2  3  4 |
---------------+-------------+-----
Fighting       | 3 |  3.3
Axes           | 4 |  4.0
Throwing       | |  1.7
Dodging        | |  2.6

Action                     |  1- 3 |  4- 6 || total
---------------------------+-------+-------++-------
  Melee: War axe           |    74 |    17 ||    91
         Hand axe          |    22 |    20 ||    42
    Use: Scroll            |     4 |     1 ||     5
         Potion            |       |     1 ||     1
   Stab: Sleeping          |     1 |       ||     1
 Armour: Leather armour    |    48 |    13 ||    61
  Dodge: Dodged            |    54 |    19 ||    73

Illustrated notes

Table legend:
 A = Kills in this place as a percentage of kills in the entire game.
 B = Kills by you in this place as a percentage of kills by you in the entire game.
 C = Kills by friends in this place as a percentage of kills by friends in the entire game.
 D = Other kills in this place as a percentage of other kills in the entire game.
 E = Experience gained in this place as a percentage of experience gained in the entire game.
 F = Experience gained in this place divided by the number of levels of this place that you have seen.
                   A       B       C       D       E      F
               +-------+-------+-------+-------+-------+----------------------
         Total | 100.0 | 100.0 |   N/A |   N/A | 100.0 |  32.7
       Dungeon | 100.0 | 100.0 |   N/A |   N/A | 100.0 |  32.7
               +-------+-------+-------+-------+-------+----------------------

Table legend: (Time is in decaauts)
 A = Elapsed time spent in this place.
 B = Non-inter-level travel time spent in this place.
 C = Inter-level travel time spent in this place.
 D = Time resting spent in this place.
 E = Time spent auto-exploring this place.
 F = Levels seen in this place.
 G = Mean time per level.
                   A        B        C        D        E       F      G
               +--------+--------+--------+--------+--------+-----+--------+
         Total |   1752 |   1718 |     34 |      0 |   1364 |   3 |  584.0 |
       Dungeon |   1752 |   1718 |     34 |      0 |   1364 |   3 |  584.0 |
               +--------+--------+--------+--------+--------+-----+--------+

Top non-repeatable levels by time:
     D:1: 778 daAuts
     D:2: 594 daAuts
     D:3: 379 daAuts
